 Dungeon Crawl Stone Soup version 0.27-a0-423-gf312af23e9 (webtiles) character file.

Game seed: 2233959079759965469

4922 jasper the Cleaver (level 10, -21/118 HPs)
             Began as a Demonspawn Berserker on Feb 26, 2021.
             Was an Elder of Trog.
             Demolished by an orc knight
             ... wielding a +0 glaive
              (34 damage)
             ... in a bailey.
             The game lasted 00:13:26 (8761 turns).

jasper the Cleaver (Demonspawn Berserker)           Turns: 8761, Time: 00:13:27

Health: -21/118    AC: 12    Str: 19    XL:     10   Next: 27%
Magic:  10/10      EV: 12    Int:  8    God:    Trog [****..]
Gold:   169        SH:  0    Dex: 21    Spells: 9/9 levels left

rFire    . . .     SeeInvis .   d - +8 halberd of Dried Tears {vorpal, rElec rC+ rN+}
rCold    + . .     Faith    .   (shield currently unavailable)
rNeg     + . .     Spirit   .   m - +0 chain mail
rPois    .         Reflect  .   (helmet restricted)
rElec    +         Harm     .   (no cloak)
rCorr    .         Rampage  .   (no gloves)
Will     ++...                  (no boots)
Stlth    ..........             (no amulet)
HPRegen  1.29/turn              p - +6 ring of dexterity
MPRegen  0.12/turn              (no ring)

@: berserking (expiring), regenerating, very quick
A: antennae 2, iridescent scales 1, ignite blood 2, demonic magic 2
a: Renounce Religion, Berserk, Trog's Hand, Brothers in Arms


You were in a bailey.
You worshipped Trog.
Trog was greatly pleased with you.
You visited 1 branch of the dungeon, and saw 8 of its levels.
You also visited: Sewer and Bailey.

You collected 378 gold pieces.
You spent 209 gold pieces at shops.

Inventory:

Hand Weapons
 a - a +0 hand axe
 d - the +8 halberd of Dried Tears (weapon) {vorpal, rElec rC+ rN+}
   (You found it on level 8 of the Dungeon)

   It inflicts extra damage upon your enemies.
   It protects you from cold.
   It insulates you from electricity.
   It protects you from negative energy.
 y - a +0 morningstar
 z - a +1 whip of freezing
 B - a +0 war axe
 H - a +0 battleaxe
Missiles
 c - 225 stones
 h - 3 boomerangs (quivered)
Armour
 b - a +0 animal skin
 f - a +0 ring mail
 m - a +0 chain mail (worn)
 u - a +0 troll leather armour {Purgy}
 x - a +0 kite shield
Jewellery
 p - a +6 ring of dexterity (left hand)
 C - an amulet of reflection
Wands
 E - a wand of random effects (20)
Scrolls
 e - 3 scrolls of enchant weapon
 g - 2 scrolls of teleportation
 k - 3 scrolls of random uselessness
 q - a scroll of noise {unknown}
 s - a scroll of amnesia {unknown}
 t - a scroll of blinking {unknown}
 F - 3 scrolls of magic mapping {unknown}
 G - a scroll of enchant armour {unknown}
 I - a scroll of immolation {unknown}
Potions
 i - a potion of invisibility {unknown}
 j - a potion of cancellation
 l - 3 potions of flight
 n - 3 potions of ambrosia
 o - 7 potions of curing
 r - a potion of lignification
 v - a potion of brilliance
 w - a potion of heal wounds
 A - a potion of haste


   Skills:
 + Level 7.4 Fighting
 * Level 9.3 Axes
 + Level 6.5 Armour
 + Level 6.4 Dodging


You had 9 spell levels left.
You didn't know any spells.
Your spell library was empty.

Dungeon Overview and Level Annotations

Branches:
Dungeon (8/15)             Temple (0/1) D:7           Sewer (visited)
 Bailey (1/1)
   Lair: D:8-11

Altars:
Gozag
Makhleb
Sif Muna
Vehumet
Wu Jian
Zin

Shops:
D:5 !

Annotations:
D:5 exclusion: 2 doors


Innate Abilities, Weirdness & Mutations

You have a pair of antennae on your head.
You are partially covered in iridescent scales. (AC +2)
Your demonic aura often causes spilled blood to erupt in flames Spells you cast may paralyse nearby enemies.


Message History

Press: ? - help, Shift-Dir - straight line, f/p - orc knight
Aim: an orc knight, wielding a +0 glaive, wearing the +4 fire dragon scales of Dishonesty {rPois rF++ rC- Will++ rCorr Slay-6} and wearing the ring of Sloth {EV+4 Int+4} (strong)
The orc knight resists with almost no effort.
Aiming: Random Effects
Press: ? - help, Shift-Dir - straight line, f/p - orc knight
Aim: an orc knight, wielding a +0 glaive, wearing the +4 fire dragon scales of Dishonesty {rPois rF++ rC- Will++ rCorr Slay-6} and wearing the ring of Sloth {EV+4 Int+4} (strong)
The orc knight flickers and vanishes!
Deactivating autopickup; reactivate with Ctrl-A.
Aiming: Random Effects
Press: ? - help, Shift-Dir - straight line, f - you
Okay, then.
You regained 2 hp, and now have 54/79 hp.
You regained 2 hp, and now have 59/79 hp.
You feel the effects of Trog's Hand fading.
You regained 2 hp, and now have 64/79 hp.
Your skin stops crawling.
You feel less strong-willed.
Your skin crawls.
You feel strong-willed. Trog will no longer gift you weapons.
A red film seems to cover your vision as you go berserk!
You feel yourself moving faster!
You feel mighty!
You now have 105/118 hp.
You feel a strong urge to attack something.
Something hits you!!!
You take 36 damage, and have 69/118 hp.
MASSIVE DAMAGE!!
You barely miss something. Something hits you but does no damage.
You miss something. Something hits you!
You take 12 damage, and have 59/118 hp.
You miss something. You hit something. Something hits you!!
You take 18 damage, and have 42/118 hp.
Your chain mail prevents you from hitting something.
Something hits you.
You slash something! You miss something. Something hits you!!
* * * LOW HITPOINT WARNING * * *
You take 32 damage, and have 11/118 hp.
MASSIVE DAMAGE!!
You slice something!! You completely miss something. Something hits you!!
You die...

.≈≈..## §.....≈≈o.'#.##..≈≈.
.≈..## ≈§≈≈≈≈≈..##...##..≈.
.≈)##.$$$.# .§..§.§.##.....##.≈.
.≈.######## ##########.≈.
.≈..##### ##..........≈.
.≈≈≈≈≈≈≈####### ##..≈≈≈≈≈≈≈≈≈≈.
.........##...## ##..≈≈..........
#######.##..≈..###..≈≈..#########
####...##...≈≈..@{.≈≈..##
#∩..#######..≈≈≈≈≈≈≈..## ∩####
##.........## ## ###########


There were no monsters in sight!

Vanquished Creatures
  Pikel (D:4)
  A moth of wrath (Bailey)
  The ghost of mojorge the Slasher, a novice TeFi (D:5)
  Prince Ribbit (D:7)
  Menkaure (D:4)
  Duvessa (D:4)
  5 orc warriors
  2 sky beasts
  An ice beast (D:6)
  Purgy (Sewer)
  3 ogres
  A black bear (D:6)
  A necrophage (D:8)
  A centaur (D:5)
  A lemure (D:4)
  A phantom (D:6)
  3 bullfrogs
  4 scorpions
  Dowan (D:4)
  8 wights
  6 killer bees (D:7)
  A crimson imp (D:4)
  A quasit (D:6)
  A bullfrog skeleton (D:5)
  6 orc priests
  A hound (D:4)
  A jelly (D:5)
  A centaur skeleton (D:7)
  An iguana (D:6)
  6 orc wizards
  2 worker ants
  A hound skeleton (D:7)
  12 adders
  4 gnolls (D:7)
  3 ufetubi
  2 oozes
  2 adder zombies
  4 worms
  A dart slug (D:3)
  4 leopard geckos
  56 orcs
  7 bats
  4 giant cockroaches
  7 goblins
  11 hobgoblins
  15 jackals
  4 quokkas
  5 frilled lizards
  A jackal skeleton (D:4)
  11 kobolds
  2 leopard gecko skeletons (D:5)
  A leopard gecko zombie (D:5)
  A quokka skeleton (D:5)
  10 rats
234 creatures vanquished.

Vanquished Creatures (others)
  120 plants (D:1)
120 creatures vanquished.

Grand Total: 354 creatures vanquished

Notes
Turn   | Place    | Note
-------+----------+-------------------------------------------
     0 | D:1      | jasper the Demonspawn Berserker began the quest for the
                  | Orb.
     0 | D:1      | Reached XP level 1. HP: 18/18 MP: 1/1
     7 | D:1      | You fall into a shaft and drop 1 floor!
   269 | D:1      | Gained mutation: You have a pair of small antennae on your
                  | head. [demonic ancestry]
   269 | D:1      | Reached XP level 2. HP: 22/24 MP: 2/2
   271 | D:1      | Reached skill level 3 in Axes
   934 | D:1      | Gained mutation: You are partially covered in iridescent
                  | scales. (AC +2) [demonic ancestry]
   934 | D:1      | Reached XP level 3. HP: 29/29 MP: 3/3
  1244 | D:2      | Reached ** piety under Trog
  1380 | D:2      | Found an ornate altar of the Wu Jian Council.
  1554 | D:2      | Gained mutation: Spells you cast may paralyse adjacent
                  | enemies. [demonic ancestry]
  1554 | D:2      | Reached XP level 4. HP: 35/35 MP: 4/4
  1949 | D:3      | Reached XP level 5. HP: 42/42 MP: 5/5
  2192 | D:3      | Reached skill level 4 in Axes
  2261 | D:3      | Found a glowing drain.
  2265 | Sewer    | Entered a sewer
  2272 | Sewer    | Reached *** piety under Trog
  2328 | Sewer    | Noticed Purgy
  2344 | Sewer    | Killed Purgy
  2345 | Sewer    | Gained mutation: Spells you cast may paralyse nearby
                  | enemies. [demonic ancestry]
  2345 | Sewer    | Reached XP level 6. HP: 48/48 MP: 6/6
  3519 | D:4      | Noticed Menkaure
  3532 | D:4      | Killed Menkaure
  3656 | D:4      | Found a radiant altar of Vehumet.
  3667 | D:4      | Reached skill level 5 in Axes
  3667 | D:4      | Gained mutation: Your demonic aura sometimes causes spilled
                  | blood to erupt in flames [demonic ancestry]
  3667 | D:4      | Reached XP level 7. HP: 55/55 MP: 7/7
  3669 | D:4      | Found a burning altar of Makhleb.
  3943 | D:4      | Noticed Pikel
  3950 | D:4      | Killed Pikel
  3951 | D:4      | Reached skill level 5 in Fighting
  3951 | D:4      | Gained mutation: You have a pair of antennae on your head.
                  | [demonic ancestry]
  3951 | D:4      | Reached XP level 8. HP: 62/62 MP: 8/8
  4013 | D:4      | Reached skill level 6 in Axes
  4083 | D:4      | Found a glowing silver altar of Zin.
  4297 | D:4      | Noticed Dowan
  4297 | D:4      | Noticed Duvessa
  4303 | D:4      | Killed Dowan
  4313 | D:4      | Killed Duvessa
  4468 | D:5      | Entered Level 5 of the Dungeon
  4797 | D:5      | Found Canawn's Distillery.
  4815 | D:5      | Bought a potion of haste for 110 gold pieces
  4815 | D:5      | Bought a potion of curing for 33 gold pieces
  4815 | D:5      | Bought 2 potions of curing for 66 gold pieces
  4892 | D:5      | Reached **** piety under Trog
  5414 | D:5      | Reached skill level 7 in Axes
  5609 | D:5      | Found a runed translucent gate.
  5614 | D:5      | Found a runed translucent gate.
  5615 | D:5      | Found a runed translucent gate.
  5617 | D:5      | Noticed mojorge's ghost (novice TeFi)
  5655 | D:5      | Killed mojorge's ghost
  5656 | D:5      | Reached skill level 5 in Armour
  5715 | D:6      | Reached skill level 5 in Dodging
  5715 | D:6      | Gained mutation: Your demonic aura often causes spilled
                  | blood to erupt in flames [demonic ancestry]
  5715 | D:6      | Reached XP level 9. HP: 60/69 MP: 9/9
  5827 | D:6      | Found a shimmering blue altar of Sif Muna.
  6639 | D:7      | Found an opulent altar of Gozag.
  6664 | D:7      | Found a staircase to the Ecumenical Temple.
  6717 | D:7      | Reached skill level 8 in Axes
  7262 | D:7      | Noticed Prince Ribbit
  7292 | D:7      | Killed Prince Ribbit
  7969 | D:8      | Reached XP level 10. HP: 79/79 MP: 10/10
  8051 | D:8      | Found a flagged portal.
  8058 | D:8      | Reached skill level 9 in Axes
  8070 | D:8      | Identified the +8 halberd of Dried Tears {vorpal, rElec rC+
                  | rN+}
  8075 | Bailey   | Entered a bailey
  8203 | Bailey   | Reached ***** piety under Trog
  8403 | Bailey   | Noticed an orc knight
  8532 | Bailey   | Noticed an orc knight
  8532 | Bailey   | Noticed an orc knight
  8532 | Bailey   | Noticed an orc knight
  8534 | Bailey   | Noticed a moth of wrath
  8534 | Bailey   | an orc knight changed into a moth of wrath
  8543 | Bailey   | Killed a moth of wrath
  8592 | Bailey   | Noticed a black mamba
  8592 | Bailey   | an orc knight changed into a black mamba
  8594 | Bailey   | an orc knight changed into something unseen
  8704 | Bailey   | Identified the +4 fire dragon scales of Dishonesty {rPois
                  | rF++ rC- Will++ rCorr Slay-6}
  8704 | Bailey   | Identified the ring of Sloth {EV+4 Int+4}
  8761 | Bailey   | Demolished by an orc knight

Illustrated notes

Levels and vault maps discovered:
D:1:      roderic_crop_circles_arrival_large, layout_basic, lemuel_old_faithful
D:2:      layout_basic, nicolae_overflow_crystal_walls
D:3:      layout_basic, gup_sewer_entry_spiral, serial_bayou_pond_b
D:4:      layout_gridville, lemuel_round_altar,
          grunt_temple_overflow_lords_of_destruction, uniq_pikel, uniq_menkaure,
          uniq_duvessa
D:5:      cheibrodos_two_vegetables, layout_rooms, gammafunk_ghost_necromancy,
          serial_shops, shop_fountains
D:6:      layout_basic, basic_altar
D:7:      layout_loops_cross, overflow_temple_1_default,
          minmay_temple_entry_junction, nrook_mini_backslash,
          uniq_prince_ribbit1
D:8:      layout_basic, evilmike_ruin_ashenzari, enter_bailey_2, uniq_joseph
Bailey:   bailey_polearm_1, bailey

Skill      XL: |  1  2  3  4  5  6  7  8  9 10 |
---------------+-------------------------------+-----
Axes           | 3 4 5 7 8 9 |  9.3
Armour         | 2 3 4 5 6 |  6.5
Dodging        | 2 3 4 5 6 |  6.4
Fighting       | 4 5 6 7 |  7.4

Action                   |  1- 3 |  4- 6 |  7- 9 | 10-12 || total
-------------------------+-------+-------+-------+-------++-------
Melee: Hand axe          |    81 |   173 |   192 |       ||   446
       War axe           |       |       |   174 |       ||   174
       Battleaxe         |       |       |     6 |    16 ||    22
       Halberd           |       |       |       |    47 ||    47
Throw: Stone             |    12 |       |       |       ||    12
       Boomerang         |    31 |    53 |    97 |     1 ||   182
Invok: Berserk           |     5 |     8 |     9 |     1 ||    23
       Trog's Hand       |       |     1 |     2 |     2 ||     5
Evoke: Wand              |       |       |       |    10 ||    10
  Use: Scroll            |       |     9 |     2 |       ||    11
       Potion            |       |       |     1 |       ||     1
Armor: Animal skin       |    15 |       |       |       ||    15
       Ring mail         |    19 |    12 |       |       ||    31
       Chain mail        |       |    67 |   222 |    15 ||   304
Dodge: Dodged            |    56 |    79 |   203 |    20 ||   358

Table legend: (Time is in decaauts)
 A = Elapsed time spent in this place.
 B = Non-inter-level travel time spent in this place.
 C = Inter-level travel time spent in this place.
 D = Time resting spent in this place.
 E = Time spent auto-exploring this place.
 F = Levels seen in this place.
 G = Mean time per level.
                   A        B        C        D        E       F      G
               +--------+--------+--------+--------+--------+-----+--------+
         Total |   9130 |   8966 |    164 |   1751 |   5498 |  10 |  913.0 |
       Dungeon |   8248 |   8084 |    164 |   1419 |   5179 |   8 | 1031.0 |
         Sewer |    188 |    188 |      0 |     45 |     88 |   1 |  188.0 |
        Bailey |    693 |    693 |      0 |    286 |    231 |   1 |  693.0 |
               +--------+--------+--------+--------+--------+-----+--------+

Top non-repeatable levels by time:
     D:4: 1343 daAuts
     D:7: 1307 daAuts
     D:5: 1295 daAuts
     D:3: 1268 daAuts
     D:1: 1200 daAuts
     D:6: 965 daAuts
  Bailey: 693 daAuts
     D:2: 688 daAuts
   Sewer: 188 daAuts
     D:8: 180 daAuts
